 Seeded DCSS version 0.29.1-15-g9cfb28693d (webtiles) character file.

Game seed: 848307873039743228 (custom seed)

400 booth the Chopper (level 6, -15/40 (46) HPs)
             Began as a Demonspawn Gladiator on Feb 27, 2023.
             Demolished by a wight
             ... wielding a +0 great sword
              (17 damage)
             ... on level 5 of the Dungeon.
             The game lasted 00:20:41 (5250 turns).

booth the Chopper (Demonspawn Gladiator)            Turns: 5250, Time: 00:20:42

HP:   -15/40 (46)   AC:  5    Str: 17    XL:     6   Next: 54%
MP:   6/6           EV: 13    Int:  9    God:
Gold: 150           SH:  0    Dex: 14    Spells: 5/5 levels left

rFire   . . .      SeeInvis .   a - +2 war axe
rCold   . . .      Faith    .   (no shield)
rNeg    + . .      Spirit   .   b - +0 leather armour
rPois   .          Reflect  .   c - +0 helmet
rElec   .          Harm     .   (no cloak)
rCorr   .          Rampage  .   i - +0 pair of gloves
Will    .....                   (no boots)
Stlth   ++........              (no amulet)
HPRegen 0.13/turn               j - ring of positive energy
MPRegen 0.10/turn               (no ring)

@: heavily drained
A: claws 1, ignite blood 2
a: no special abilities


You were on level 5 of the Dungeon.
You visited 1 branch of the dungeon, and saw 5 of its levels.

You collected 150 gold pieces.

Inventory:

Hand Weapons
 a - a +2 war axe (weapon)
Missiles
 d - 3 throwing nets (quivered)
 n - 12 poisoned darts
Armour
 b - a +0 leather armour (worn)
 c - a +0 helmet (worn)
 i - a +0 pair of gloves (worn)
Jewellery
 j - a ring of positive energy (left hand)
 l - an amulet of magic regeneration
 t - a ring of wizardry
Wands
 k - a wand of paralysis (10)
Scrolls
 e - 4 scrolls of teleportation
 f - 2 scrolls of poison
 h - a scroll of vulnerability {unknown}
 o - 2 scrolls of torment
 u - 2 scrolls of identify
 w - a scroll of noise {unknown}
Potions
 g - 2 potions of curing
 m - a potion of cancellation {unknown}
 p - 4 potions of brilliance
 q - a potion of haste {unknown}
 s - a potion of mutation {unknown}


   Skills:
 + Level 2.8 Fighting
 + Level 5.0 Axes
 + Level 2.1 Throwing
 + Level 2.1 Armour
 + Level 3.7 Dodging
 + Level 1.3 Stealth


You had 5 spell levels left.
You didn't know any spells.
Your spell library contained the following spells:

 Spells                   Type           Power      Damage    Failure   Level
 Beastly Appendage        Tmut           0%         N/A       43%         1
 Wereblood                Tmut           0%         N/A       58%         2
 Spider Form              Tmut/Pois      0%         N/A       82%         3
 Chain Lightning          Conj/Air       0%         N/A       100%        9
 Fire Storm               Conj/Fire      0%         5d1       100%        9
 Shatter                  Erth           0%         3d5*      100%        9


Dungeon Overview and Level Annotations

Branches:
Dungeon (5/15)
 Temple: D:4-7

Altars:
Gozag
Ru
Yredelemnul


Innate Abilities, Weirdness & Mutations

You have sharp fingernails.
Your demonic aura often causes spilled blood to erupt in flames.


Message History

* * * LOW HITPOINT WARNING * * *
You partially resist.
You feel drained.
* * * LOW HITPOINT WARNING * * *
The wight attacks as you move away! The wight closely misses you.
There is a stone staircase leading up, spattered with blood here.
Throw: javelin
Press: ? - help, Q - select action, (/) - cycle Shift-Dir - straight line, f - wight
Aim: a wight, wielding a +0 great sword and wearing a +0 robe (almost destroyed, 60% to hit)
You throw a javelin.
The javelin pierces through the wight but does no damage.
The wight is almost destroyed.
A wight comes into view. It is wielding a +3 falchion.
There is a stone staircase leading up, spattered with blood here.
You climb upwards.
There is a stone staircase leading down here.
You start resting.
HP restored.
You climb downwards.
The wight closely misses you.
There is a stone staircase leading up, spattered with blood here.
The wight barely misses you.
You barely miss the wight. The wight closely misses you. x2
You hit the wight.
The wight is lightly damaged.
You hit the wight.
The wight hits you with a +0 great sword!
The wight hits you with a +3 falchion! The wight attacks as you move away!
The wight closely misses you. The wight barely misses you.
You hit the wight.
The wight is heavily damaged.
The wight barely misses you.
You hit the wight but do no damage.
The wight is heavily damaged.
The wight hits you with a +0 great sword!
* * * LOW HITPOINT WARNING * * *
You partially resist.
You feel drained.
* * * LOW HITPOINT WARNING * * *
The wight attacks as you move away!
The wight hits you with a +0 great sword!
You die...

#######.#
#########z.<.[(#
.......@z#.####.#
#########.## ###


You could see 2 wights.

Vanquished Creatures
  A scorpion (D:4)
  A wight (D:5)
  A jelly (D:4)
  2 hounds (D:4)
  Jessica (D:3)
  An iguana (D:4)
  A scorpion zombie (D:3)
  Natasha (D:3)
  Terence (D:3)
  An adder (D:3)
  A worm (D:3)
  2 dart slugs
  An orc (D:4)
  8 endoplasms
  5 giant cockroaches
  12 goblins
  3 hobgoblins (D:4)
  3 quokkas
  6 ball pythons
  A ball python zombie (D:3)
  4 bats
  4 frilled lizards
  6 kobolds
  2 rats
69 creatures vanquished.

Vanquished Creatures (others)
  A fungus (D:1)
  4 plants (D:1)
5 creatures vanquished.

Grand Total: 74 creatures vanquished

Notes
Turn   | Place    | Note
-------+----------+-------------------------------------------
     0 | D:1      | booth the Demonspawn Gladiator began the quest for the Orb.
     0 | D:1      | Reached XP level 1. HP: 16/16 MP: 1/1
   329 | D:1      | Found a faded altar of an unknown god.
   368 | D:1      | Gained mutation: You have sharp fingernails. [demonic
                  | ancestry]
   368 | D:1      | Reached XP level 2. HP: 22/22 MP: 2/2
   405 | D:1      | Reached skill level 3 in Axes
  1672 | D:2      | Reached XP level 3. HP: 26/27 MP: 3/3
  2257 | D:3      | Noticed Terence
  2485 | D:3      | Gained mutation: Your demonic aura sometimes causes spilled
                  | blood to erupt in flames. [demonic ancestry]
  2485 | D:3      | Reached XP level 4. HP: 25/33 MP: 4/4
  2500 | D:3      | Found a basalt altar of Yredelemnul.
  2582 | D:3      | Noticed Jessica
  2590 | D:3      | Killed Jessica
  2591 | D:3      | Reached skill level 4 in Axes
  3025 | D:3      | Killed Terence
  3026 | D:3      | Reached skill level 1 in Armour
  3260 | D:3      | Gained mutation: Your demonic aura often causes spilled
                  | blood to erupt in flames. [demonic ancestry]
  3260 | D:3      | Reached XP level 5. HP: 15/39 MP: 5/5
  3449 | D:3      | Found an opulent altar of Gozag.
  3584 | D:3      | Noticed Natasha
  3599 | D:3      | Killed Natasha
  4107 | D:4      | Reached skill level 1 in Stealth
  4575 | D:4      | Found a sacrificial altar of Ru.
  4583 | D:4      | Reached XP level 6. HP: 44/46 MP: 6/6
  4995 | D:5      | Entered Level 5 of the Dungeon
  5005 | D:5      | Reached skill level 5 in Axes
  5249 | D:5      | HP: 2/40 [wight/+0 great sword (2)]
  5250 | D:5      | Demolished by a wight

Illustrated notes

Levels and vault maps discovered:
D:1:      mrwooster_arrival_arrow, layout_loops_corners, serial_forest,
          infiniplex_forest_clump_diagonal, infiniplex_forest_side_room,
          infiniplex_forest_clump_large, infiniplex_forest_end_2,
          infiniplex_forest_split, infiniplex_forest_clump_small,
          shapermc_ecumenical_altar_mp_urbaneastern, minmay_liquid_box,
          chequers_serial_rivers_small_3, st_stairs_13
D:2:      layout_basic
D:3:      layout_loops_ring, grunt_temple_overflow_gold_and_silver,
          lemuel_zombie_altar_yredelemnul, serial_park_tiny_2,
          nicolae_hexahallways, uniq_natasha, uniq_jessica, uniq_terence
D:4:      layout_rooms, mainiacjoe_overflow_small_starburst
D:5:      layout_loops_ring, lemuel_doored_altar, uniq_grinder, uniq_ijyb

Skill      XL: |  1  2  3  4  5  6 |
---------------+-------------------+-----
Axes           | 3 4 5 |  5.0
Dodging        | 3 |  3.7
Armour         | 1 2 |  2.1
Throwing       | 2 |  2.1
Stealth        | 1 |  1.3
Fighting       | |  2.8

Action                   |  1- 3 |  4- 6 || total
-------------------------+-------+-------++-------
Melee: War axe           |   106 |   108 ||   214
       Punch             |     1 |       ||     1
Throw: Dart              |     2 |     6 ||     8
       Javelin           |     1 |     3 ||     4
       Throwing net      |       |     1 ||     1
  Use: Scroll            |     2 |     4 ||     6
       Potion            |       |     2 ||     2
 Stab: Sleeping          |     2 |     1 ||     3
Armor: Leather armour    |    31 |    33 ||    64
Dodge: Dodged            |    72 |    96 ||   168
